Flyers vs Bruins

Created - 4 janvier 2021 at 21:48

Goals
1 2 3 T
Flyers 1 2 0 3
Bruins 1 0 1 2
Shots
1 2 3 T
Flyers 5 9 10 24
Bruins 7 11 11 29

1st period

1. Flyers , Jakub Voracek 10 (Brendan Gallagher 19, Victor Hedman 21) at 7:04
2. Bruins , Michael Frolik 2 (Radek Faksa 14, Alex Iafallo 12) at 15:59

Penalties :
No Penalty

2nd period

3. Flyers , Jake Debrusk 6 (Ryan Graves 5) at 2:10
4. Flyers , Brendan Gallagher 13 (Jakub Voracek 14, Jamie Benn 22) at 19:24

Penalties :
No Penalty

3rd period

5. Bruins , Alex Iafallo 15 (Adam Henrique 14, Brady Skjei 13) at 8:02 (PP)

Penalties :
Tomas Tatar (PHI) for High sticking (Minor) at 3:05, Rasmus Andersson (PHI) for Interference (Minor) at 7:22

Goalie Stats

Pavel Francouz (PHI), 27 saves from 29 shots - (0,931), W, 16-13-1, 60:00 minutes
Tristan Jarry (BOS), 21 saves from 24 shots - (0,875), L, 9-14-1, 59:33 minutes

Players Stats for Flyers

Player Name              G  A  P  +/- PIM S  H  SB GA TA FO     MP     PP MP  PK MP  
------------------------------------------------------------------------------------
Brendan Gallagher        1  1  2   2  0   3  1  0  0  0  1/3    21:00   0:00   0:00 
Jake Debrusk             1  0  1   1  0   3  1  0  0  0  0/2    12:04   0:00   0:51 
Jakub Voracek            1  1  2   2  0   3  0  0  0  0  0/1    20:09   0:00   0:00 
Jamie Benn               0  1  1   2  0   2  2  0  0  0  15/25  20:09   0:00   0:00 
Joel Eriksson Ek         0  0  0   1  0   1  3  0  0  0  7/20   13:33   0:00   1:29 
Johan Larsson            0  0  0   0  0   1  0  0  0  0  6/10    9:47   0:00   0:52 
Jonas Brodin             0  0  0   1  0   0  0  0  0  0  0/0    24:50   0:00   0:55 
Markus Granlund          0  0  0   1  0   1  1  0  0  0  0/0    13:14   0:00   1:10 
Nick Schmaltz            0  0  0  -1  0   0  0  0  0  0  0/1    16:13   0:00   0:00 
Nino Niederreiter        0  0  0   0  0   0  2  0  0  0  0/0     9:21   0:00   0:26 
Noah Hanifin             0  0  0  -1  0   2  0  2  0  0  0/0    18:59   0:00   0:00 
Paul Stastny             0  0  0  -1  0   2  1  0  0  0  13/18  16:43   0:00   0:30 
Rasmus Andersson         0  0  0  -1  2   0  1  1  0  0  0/0    19:10   0:00   1:03 
Robert Thomas            0  0  0   0  0   1  1  0  0  0  0/0     8:55   0:00   0:00 
Ryan Graves              0  1  1   2  0   0  2  0  0  0  0/0    16:47   0:00   1:29 
Tomas Tatar              0  0  0  -1  2   3  2  0  0  0  0/0    16:12   0:00   0:00 
Victor Hedman            0  1  1   1  0   2  5  0  0  0  0/0    25:06   0:00   1:11 
Vince Dunn               0  0  0   2  0   0  2  0  0  0  0/0    15:07   0:00   0:40 

Players Stats for Bruins

Player Name              G  A  P  +/- PIM S  H  SB GA TA FO     MP     PP MP  PK MP  
------------------------------------------------------------------------------------
Adam Henrique            0  1  1  -2  0   2  0  0  0  0  11/19  21:23   1:19   0:00 
Alex Iafallo             1  1  2   0  0   6  0  0  0  0  0/2    18:44   1:19   0:00 
Antoine Roussel          0  0  0   0  0   0  0  0  0  0  0/0    19:24   0:00   0:00 
Brady Skjei              0  1  1  -1  0   0  1  0  0  0  0/0    20:50   2:00   0:00 
Brett Pesce              0  0  0   1  0   1  0  2  0  0  0/0    19:37   0:00   0:00 
Brian Dumoulin           0  0  0   0  0   0  1  0  0  0  0/0    13:19   0:00   0:00 
Carl Hagelin             0  0  0  -2  0   2  1  0  0  0  0/2    19:23   0:00   0:00 
Colton White             0  0  0  -1  0   0  3  0  0  0  0/0    18:53   0:39   0:00 
Jayson Megna             0  0  0  -1  0   1  0  0  0  0  5/11    9:34   1:20   0:00 
Jonathon Merrill         0  0  0  -2  0   1  1  4  0  0  0/0    18:20   0:00   0:00 
Jordan Oesterle          0  0  0  -1  0   1  0  1  0  0  0/0    20:09   2:00   0:00 
Marcus Sorensen          0  0  0   0  0   6  1  0  0  0  0/1    14:16   1:19   0:00 
Markus Nutivaara         0  0  0   0  0   0  0  0  0  0  0/0     9:27   0:39   0:00 
Michael Frolik           1  0  1   0  0   3  0  1  0  0  0/4    17:31   1:20   0:00 
Radek Faksa              0  1  1   0  0   3  1  0  0  0  14/24  16:44   0:00   0:00 
Tanner Fritz             0  0  0   0  0   0  0  0  0  0  0/0     8:59   0:00   0:00 
Tyler Bertuzzi           0  0  0  -1  0   1  1  0  0  0  1/1    20:30   1:20   0:00 
Vladimir Sobotka         0  0  0   0  0   2  0  0  0  0  7/16   12:57   0:00   0:00 

3 Stars

1 - Brendan Gallagher (PHI)
2 - Jakub Voracek (PHI)
3 - Victor Hedman (PHI)

Power Play

Flyers - 0 on 0 Attempt(s) - 0,00%
Bruins - 1 on 2 Attempt(s) - 50,00%

Penalty Kill

Flyers - 1 on 2 Attempt(s) - 50,00% - Score 0 goal in Penalty Kill
Bruins - 0 on 0 Attempt(s) - 0,00% - Score 0 goal in Penalty Kill

Team Stat

Flyers - Hits : 24 - Faceoff Wins : 42 - Blocked Shots : 3 - Penalty Minutes : 4
Bruins - Hits : 10 - Faceoff Wins : 38 - Blocked Shots : 8 - Penalty Minutes : 0

Official

Referees : Brad Meier and Trevor Hanson
Linesman : Kelsey Mahoney and Matt Brady

Game Notes

No Game Note

Finance

Level 1 -- Attendance: 6000 (100,00%) -- Ticket Income 708 000 $
Level 2 -- Attendance: 4766 (95,32%) -- Ticket Income 357 450 $
Level 3 -- Attendance: 3458 (98,80%) -- Ticket Income 165 984 $
Level 4 -- Attendance: 2867 (90,16%) -- Ticket Income 86 010 $
Luxury Box -- Attendance: 929 (92,90%) -- Ticket Income 196 019 $
Game was played at the TD Garden.
Total Attendance: 18020 (96,47%)
Total Ticket Income: 1 513 463 $
Other Income: 741 597 $
Total Income: 2 255 060 $

% Time on Ice - Flyers

Lines # - Real PCT - Wanted PCT - Time Play
Normal Forward
1 - 36% - 40% - 20:09
2 - 29% - 30% - 16:13
3 - 20% - 20% - 11:13
4 - 16% - 10% - 8:55
Normal Defense
1 - 37% - 40% - 21:05
2 - 32% - 30% - 18:08
3 - 26% - 20% - 14:27
4 - 5% - 10% - 2:50
PP Forward
1 - 0% - 60%
2 - 0% - 40%
PP Defense
1 - 0% - 60%
2 - 0% - 40%
PK Forward
1 - 84% - 60% - 2:13
2 - 16% - 40% - 0:26
PK Defense
1 - 65% - 60% - 1:43
2 - 35% - 40% - 0:56
PK3 Forward
1 - 0% - 60%
2 - 0% - 40%
PK3 Defense
1 - 0% - 60%
2 - 0% - 40%
44 Forward
1 - 0% - 60%
2 - 0% - 40%
44 Defense
1 - 0% - 60%
2 - 0% - 40%
Last Minute Offensive  - 0:00
Last Minute Defensive  - 0:51
Total
Forward - 60:00
Defense - 60:00

% Time on Ice - Bruins

Lines # - Real PCT - Wanted PCT - Time Play
Normal Forward
1 - 35% - 36% - 19:57
2 - 30% - 32% - 16:44
3 - 23% - 22% - 12:57
4 - 12% - 10% - 7:02
Normal Defense
1 - 33% - 36% - 18:43
2 - 32% - 32% - 18:20
3 - 22% - 21% - 12:44
4 - 12% - 11% - 6:53
PP Forward
1 - 50% - 55% - 1:19
2 - 50% - 45% - 1:20
PP Defense
1 - 75% - 60% - 2:00
2 - 25% - 40% - 0:39
PK Forward
1 - 0% - 60%
2 - 0% - 40%
PK Defense
1 - 0% - 60%
2 - 0% - 40%
PK3 Forward
1 - 0% - 54%
2 - 0% - 46%
PK3 Defense
1 - 0% - 60%
2 - 0% - 40%
44 Forward
1 - 0% - 55%
2 - 0% - 45%
44 Defense
1 - 0% - 60%
2 - 0% - 40%
Last Minute Offensive  - 0:41
Last Minute Defensive  - 0:00
Total
Forward - 60:00
Defense - 60:00

Play-by-Play

1st period


0:01 of 1st period - Adam Henrique wins face-off versus Jamie Benn in neutral zone.
0:03 of 1st period - Brady Skjei is hit by Victor Hedman and loses puck.
0:11 of 1st period - Icing by Jonas Brodin.
0:12 of 1st period - Jamie Benn wins face-off versus Radek Faksa in Flyers zone.
0:14 of 1st period - Icing by Victor Hedman.
0:15 of 1st period - Jamie Benn wins face-off versus Vladimir Sobotka in Flyers zone.
0:27 of 1st period - Antoine Roussel is hit by Victor Hedman and loses puck.
1:41 of 1st period - Shot by Paul Stastny.
1:41 of 1st period - Shot Misses the Net.
2:04 of 1st period - Brett Pesce is hit by Joel Eriksson Ek and loses puck.
2:53 of 1st period - Shot by Nino Niederreiter.
2:53 of 1st period - Shot Misses the Net.
3:18 of 1st period - Victor Hedman is hit by Radek Faksa and loses puck.
3:30 of 1st period - Radek Faksa is hit by Victor Hedman and loses puck.
3:33 of 1st period - Shot by Michael Frolik.
3:33 of 1st period - Stopped by Pavel Francouz with a rebound.
3:46 of 1st period - Alex Iafallo is hit by Victor Hedman.
4:38 of 1st period - Jordan Oesterle is hit by Jamie Benn and loses puck.
5:04 of 1st period - Icing by Ryan Graves.
5:05 of 1st period - Paul Stastny wins face-off versus Radek Faksa in Flyers zone.
5:11 of 1st period - Nick Schmaltz is hit by Colton White and loses puck.
5:24 of 1st period - Shot by Tomas Tatar.
5:24 of 1st period - Shot Blocked by Jonathon Merrill.
5:26 of 1st period - Shot by Tomas Tatar.
5:26 of 1st period - Stopped by Tristan Jarry with a rebound.
5:28 of 1st period - Shot by Vince Dunn.
5:28 of 1st period - Shot Misses the Net.
5:30 of 1st period - Shot by Nick Schmaltz.
5:30 of 1st period - Shot Misses the Net.
5:32 of 1st period - Shot by Nick Schmaltz.
5:32 of 1st period - Shot Misses the Net.
5:34 of 1st period - Shot by Ryan Graves.
5:34 of 1st period - Shot Blocked by Jonathon Merrill.
5:36 of 1st period - Shot by Paul Stastny.
5:36 of 1st period - Shot Blocked by Michael Frolik.
7:04 of 1st period - Shot by Jakub Voracek.
7:04 of 1st period - Goal by Jakub Voracek - Flyers : 1 - Bruins : 0.
7:05 of 1st period - Radek Faksa wins face-off versus Nick Schmaltz in neutral zone.
7:09 of 1st period - Michael Frolik is hit by Ryan Graves and loses puck.
7:28 of 1st period - Shot by Alex Iafallo.
7:28 of 1st period - Shot Misses the Net.
7:30 of 1st period - Shot by Michael Frolik.
7:30 of 1st period - Shot Misses the Net.
7:32 of 1st period - Shot by Radek Faksa.
7:32 of 1st period - Shot Misses the Net.
7:34 of 1st period - Shot by Jordan Oesterle.
7:34 of 1st period - Shot Misses the Net.
7:46 of 1st period - Paul Stastny is hit by Brian Dumoulin and loses puck.
8:08 of 1st period - Tanner Fritz is hit by Vince Dunn and loses puck.
8:19 of 1st period - Radek Faksa is hit by Paul Stastny and loses puck.
8:57 of 1st period - Ryan Graves is hit by Colton White.
9:23 of 1st period - Shot by Jakub Voracek.
9:23 of 1st period - Shot Blocked by Jonathon Merrill.
9:40 of 1st period - Icing by Adam Henrique.
9:41 of 1st period - Adam Henrique wins face-off versus Joel Eriksson Ek in Bruins zone.
10:09 of 1st period - Shot by Jake Debrusk.
10:09 of 1st period - Stopped by Tristan Jarry without a rebound.
10:10 of 1st period - Vladimir Sobotka wins face-off versus Johan Larsson in Bruins zone.
10:10 of 1st period - Brett Pesce is hit by Nino Niederreiter and loses puck.
10:32 of 1st period - Shot by Antoine Roussel.
10:32 of 1st period - Deflect By Vladimir Sobotka.
10:32 of 1st period - Stopped by Pavel Francouz without a rebound.
10:33 of 1st period - Radek Faksa wins face-off versus Jamie Benn in Flyers zone.
10:36 of 1st period - Shot by Alex Iafallo.
10:36 of 1st period - Shot Misses the Net.
10:45 of 1st period - Icing by Noah Hanifin.
10:46 of 1st period - Jamie Benn wins face-off versus Vladimir Sobotka in Flyers zone.
11:26 of 1st period - Icing by Rasmus Andersson.
11:27 of 1st period - Jamie Benn wins face-off versus Radek Faksa in Flyers zone.
11:31 of 1st period - Icing by Brendan Gallagher.
11:32 of 1st period - Radek Faksa wins face-off versus Brendan Gallagher in Flyers zone.
11:32 of 1st period - Radek Faksa is hit by Rasmus Andersson.
11:46 of 1st period - Shot by Alex Iafallo.
11:46 of 1st period - Stopped by Pavel Francouz without a rebound.
11:47 of 1st period - Adam Henrique wins face-off versus Jake Debrusk in Flyers zone.
12:23 of 1st period - Shot by Jake Debrusk.
12:23 of 1st period - Shot Misses the Net.
12:37 of 1st period - Shot by Paul Stastny.
12:37 of 1st period - Shot Misses the Net.
12:39 of 1st period - Shot by Nick Schmaltz.
12:39 of 1st period - Shot Blocked by Brett Pesce.
13:36 of 1st period - Shot by Noah Hanifin.
13:36 of 1st period - Shot Misses the Net.
13:38 of 1st period - Shot by Johan Larsson.
13:38 of 1st period - Stopped by Tristan Jarry without a rebound.
13:39 of 1st period - Jamie Benn wins face-off versus Jayson Megna in Bruins zone.
13:39 of 1st period - Jamie Benn is hit by Colton White.
13:56 of 1st period - Icing by Jamie Benn.
13:57 of 1st period - Radek Faksa wins face-off versus Jamie Benn in Flyers zone.
14:47 of 1st period - Jayson Megna is hit by Brendan Gallagher and loses puck.
14:55 of 1st period - Icing by Colton White.
14:56 of 1st period - Paul Stastny wins face-off versus Jayson Megna in Bruins zone.
15:09 of 1st period - Shot by Tomas Tatar.
15:09 of 1st period - Shot Blocked by Jonathon Merrill.
15:11 of 1st period - Shot by Rasmus Andersson.
15:11 of 1st period - Shot Misses the Net.
15:39 of 1st period - Michael Frolik is hit by Tomas Tatar.
15:53 of 1st period - Shot by Alex Iafallo.
15:53 of 1st period - Shot Misses the Net.
15:55 of 1st period - Shot by Alex Iafallo.
15:55 of 1st period - Shot Misses the Net.
15:57 of 1st period - Shot by Radek Faksa.
15:57 of 1st period - Shot Misses the Net.
15:59 of 1st period - Shot by Michael Frolik.
15:59 of 1st period - Goal by Michael Frolik - Flyers : 1 - Bruins : 1.
16:00 of 1st period - Joel Eriksson Ek wins face-off versus Carl Hagelin in neutral zone.
17:06 of 1st period - Shot by Johan Larsson.
17:06 of 1st period - Shot Misses the Net.
18:16 of 1st period - Icing by Jamie Benn.
18:17 of 1st period - Jamie Benn wins face-off versus Jayson Megna in Flyers zone.
19:22 of 1st period - Shot by Carl Hagelin.
19:22 of 1st period - Deflect By Tyler Bertuzzi.
19:22 of 1st period - Shot Blocked by Noah Hanifin.
19:24 of 1st period - Shot by Jonathon Merrill.
19:24 of 1st period - Stopped by Pavel Francouz without a rebound.
19:25 of 1st period - Radek Faksa wins face-off versus Paul Stastny in Flyers zone.
19:38 of 1st period - Shot by Radek Faksa.
19:38 of 1st period - Shot Misses the Net.
19:40 of 1st period - Shot by Alex Iafallo.
19:40 of 1st period - Stopped by Pavel Francouz without a rebound.
19:41 of 1st period - Radek Faksa wins face-off versus Joel Eriksson Ek in Flyers zone.
19:44 of 1st period - Shot by Alex Iafallo.
19:44 of 1st period - Stopped by Pavel Francouz with a rebound.
19:54 of 1st period - Shot by Markus Granlund.
19:54 of 1st period - Shot Hit the Post.
19:56 of 1st period - Shot by Ryan Graves.
19:56 of 1st period - Shot Hit the Post.
19:58 of 1st period - Shot by Markus Granlund.
19:58 of 1st period - Stopped by Tristan Jarry without a rebound.
19:59 of 1st period - Paul Stastny wins face-off versus Adam Henrique in Bruins zone.
Goals for this period are 1 for Flyers vs 1 for Bruins.
Shots for this period are 5 for Flyers vs 7 for Bruins.

2nd period


0:01 of 2nd period - Radek Faksa wins face-off versus Jamie Benn in neutral zone.
0:09 of 2nd period - Icing by Victor Hedman.
0:10 of 2nd period - Adam Henrique wins face-off versus Jamie Benn in Flyers zone.
0:48 of 2nd period - Icing by Jakub Voracek.
0:49 of 2nd period - Jamie Benn wins face-off versus Radek Faksa in Flyers zone.
1:16 of 2nd period - Icing by Jakub Voracek.
1:17 of 2nd period - Jamie Benn wins face-off versus Marcus Sorensen in Flyers zone.
1:34 of 2nd period - Icing by Brett Pesce.
1:35 of 2nd period - Paul Stastny wins face-off versus Vladimir Sobotka in Bruins zone.
1:36 of 2nd period - Shot by Tomas Tatar.
1:36 of 2nd period - Stopped by Tristan Jarry with a rebound.
1:50 of 2nd period - Shot by Marcus Sorensen.
1:50 of 2nd period - Stopped by Pavel Francouz with a rebound.
1:52 of 2nd period - Shot by Marcus Sorensen.
1:52 of 2nd period - Stopped by Pavel Francouz with a rebound.
1:54 of 2nd period - Shot by Marcus Sorensen.
1:54 of 2nd period - Stopped by Pavel Francouz without a rebound.
1:55 of 2nd period - Radek Faksa wins face-off versus Joel Eriksson Ek in Flyers zone.
2:10 of 2nd period - Shot by Jake Debrusk.
2:10 of 2nd period - Goal by Jake Debrusk - Flyers : 2 - Bruins : 1.
2:11 of 2nd period - Paul Stastny wins face-off versus Carl Hagelin in neutral zone.
3:29 of 2nd period - Shot by Joel Eriksson Ek.
3:29 of 2nd period - Stopped by Tristan Jarry without a rebound.
3:30 of 2nd period - Jamie Benn wins face-off versus Jayson Megna in Bruins zone.
3:37 of 2nd period - Shot by Jamie Benn.
3:37 of 2nd period - Shot Blocked by Jordan Oesterle.
3:55 of 2nd period - Shot by Jayson Megna.
3:55 of 2nd period - Stopped by Pavel Francouz without a rebound.
3:56 of 2nd period - Johan Larsson wins face-off versus Radek Faksa in Flyers zone.
4:11 of 2nd period - Shot by Radek Faksa.
4:11 of 2nd period - Stopped by Pavel Francouz without a rebound.
4:12 of 2nd period - Paul Stastny wins face-off versus Vladimir Sobotka in Flyers zone.
4:31 of 2nd period - Shot by Marcus Sorensen.
4:31 of 2nd period - Stopped by Pavel Francouz without a rebound.
4:32 of 2nd period - Radek Faksa wins face-off versus Jamie Benn in Flyers zone.
4:36 of 2nd period - Michael Frolik is hit by Vince Dunn and loses puck.
4:40 of 2nd period - Icing by Vince Dunn.
4:41 of 2nd period - Jamie Benn wins face-off versus Adam Henrique in Flyers zone.
4:52 of 2nd period - Carl Hagelin is hit by Jamie Benn and loses puck.
5:03 of 2nd period - Shot by Jamie Benn.
5:03 of 2nd period - Shot Misses the Net.
5:27 of 2nd period - Icing by Tyler Bertuzzi.
5:28 of 2nd period - Paul Stastny wins face-off versus Adam Henrique in Bruins zone.
5:31 of 2nd period - Shot by Paul Stastny.
5:31 of 2nd period - Stopped by Tristan Jarry with a rebound.
5:47 of 2nd period - Shot by Paul Stastny.
5:47 of 2nd period - Shot Misses the Net.
6:24 of 2nd period - Jake Debrusk is hit by Brady Skjei and loses puck.
6:29 of 2nd period - Shot by Markus Granlund.
6:29 of 2nd period - Shot Misses the Net.
7:21 of 2nd period - Shot by Jakub Voracek.
7:21 of 2nd period - Stopped by Tristan Jarry without a rebound.
7:22 of 2nd period - Johan Larsson wins face-off versus Jayson Megna in Bruins zone.
8:09 of 2nd period - Off-side.
8:10 of 2nd period - Jamie Benn wins face-off versus Adam Henrique in neutral zone.
8:21 of 2nd period - Shot by Jakub Voracek.
8:21 of 2nd period - Stopped by Tristan Jarry without a rebound.
8:22 of 2nd period - Adam Henrique wins face-off versus Paul Stastny in Bruins zone.
8:48 of 2nd period - Shot by Tomas Tatar.
8:48 of 2nd period - Shot Misses the Net.
9:32 of 2nd period - Shot by Marcus Sorensen.
9:32 of 2nd period - Shot Misses the Net.
9:34 of 2nd period - Shot by Marcus Sorensen.
9:34 of 2nd period - Stopped by Pavel Francouz without a rebound.
9:35 of 2nd period - Joel Eriksson Ek wins face-off versus Radek Faksa in Flyers zone.
9:46 of 2nd period - Shot by Jake Debrusk.
9:46 of 2nd period - Stopped by Tristan Jarry without a rebound.
9:47 of 2nd period - Jayson Megna wins face-off versus Johan Larsson in Bruins zone.
10:40 of 2nd period - Icing by Victor Hedman.
10:41 of 2nd period - Johan Larsson wins face-off versus Radek Faksa in Flyers zone.
10:57 of 2nd period - Icing by Noah Hanifin.
10:58 of 2nd period - Jamie Benn wins face-off versus Adam Henrique in Flyers zone.
11:02 of 2nd period - Noah Hanifin is hit by Tyler Bertuzzi and loses puck.
11:19 of 2nd period - Shot by Tyler Bertuzzi.
11:19 of 2nd period - Shot Blocked by Rasmus Andersson.
11:21 of 2nd period - Shot by Carl Hagelin.
11:21 of 2nd period - Stopped by Pavel Francouz without a rebound.
11:22 of 2nd period - Paul Stastny wins face-off versus Michael Frolik in Flyers zone.
11:35 of 2nd period - Shot by Ryan Graves.
11:35 of 2nd period - Shot Misses the Net.
11:56 of 2nd period - Shot by Paul Stastny.
11:56 of 2nd period - Shot Misses the Net.
12:00 of 2nd period - Shot by Tomas Tatar.
12:00 of 2nd period - Stopped by Tristan Jarry without a rebound.
12:01 of 2nd period - Adam Henrique wins face-off versus Jamie Benn in Bruins zone.
12:30 of 2nd period - Shot by Adam Henrique.
12:30 of 2nd period - Stopped by Pavel Francouz with a rebound.
12:33 of 2nd period - Icing by Jamie Benn.
12:34 of 2nd period - Jamie Benn wins face-off versus Vladimir Sobotka in Flyers zone.
12:40 of 2nd period - Icing by Brett Pesce.
12:41 of 2nd period - Vladimir Sobotka wins face-off versus Joel Eriksson Ek in Bruins zone.
15:39 of 2nd period - Icing by Brett Pesce.
15:40 of 2nd period - Jayson Megna wins face-off versus Johan Larsson in Bruins zone.
15:40 of 2nd period - Jayson Megna is hit by Robert Thomas.
17:04 of 2nd period - Carl Hagelin is hit by Victor Hedman and loses puck.
17:11 of 2nd period - Shot by Adam Henrique.
17:11 of 2nd period - Deflect By Tyler Bertuzzi.
17:11 of 2nd period - Stopped by Pavel Francouz without a rebound.
17:12 of 2nd period - Vladimir Sobotka wins face-off versus Jamie Benn in Flyers zone.
17:35 of 2nd period - Shot by Antoine Roussel.
17:35 of 2nd period - Shot Misses the Net.
17:37 of 2nd period - Shot by Marcus Sorensen.
17:37 of 2nd period - Stopped by Pavel Francouz without a rebound.
17:38 of 2nd period - Radek Faksa wins face-off versus Paul Stastny in Flyers zone.
17:58 of 2nd period - Icing by Jordan Oesterle.
17:59 of 2nd period - Joel Eriksson Ek wins face-off versus Michael Frolik in Bruins zone.
18:36 of 2nd period - Jonathon Merrill is hit by Markus Granlund.
19:02 of 2nd period - Shot by Adam Henrique.
19:02 of 2nd period - Shot Misses the Net.
19:24 of 2nd period - Shot by Jakub Voracek.
19:24 of 2nd period - Deflect By Brendan Gallagher.
19:24 of 2nd period - Goal by Brendan Gallagher - Flyers : 3 - Bruins : 1.
19:25 of 2nd period - Paul Stastny wins face-off versus Vladimir Sobotka in neutral zone.
Goals for this period are 2 for Flyers vs 0 for Bruins.
Shots for this period are 9 for Flyers vs 11 for Bruins.

3rd period


0:01 of 3rd period - Vladimir Sobotka wins face-off versus Jakub Voracek in neutral zone.
0:08 of 3rd period - Shot by Jordan Oesterle.
0:08 of 3rd period - Stopped by Pavel Francouz without a rebound.
0:09 of 3rd period - Paul Stastny wins face-off versus Alex Iafallo in Flyers zone.
0:42 of 3rd period - Shot by Michael Frolik.
0:42 of 3rd period - Stopped by Pavel Francouz with a rebound.
1:10 of 3rd period - Shot by Marcus Sorensen.
1:10 of 3rd period - Deflect By Vladimir Sobotka.
1:10 of 3rd period - Stopped by Pavel Francouz without a rebound.
1:11 of 3rd period - Jamie Benn wins face-off versus Adam Henrique in Flyers zone.
1:11 of 3rd period - Jamie Benn is hit by Carl Hagelin.
1:24 of 3rd period - Shot by Carl Hagelin.
1:24 of 3rd period - Shot Misses the Net.
1:26 of 3rd period - Shot by Carl Hagelin.
1:26 of 3rd period - Stopped by Pavel Francouz without a rebound.
1:27 of 3rd period - Vladimir Sobotka wins face-off versus Joel Eriksson Ek in Flyers zone.
2:05 of 3rd period - Icing by Ryan Graves.
2:06 of 3rd period - Joel Eriksson Ek wins face-off versus Adam Henrique in Flyers zone.
2:21 of 3rd period - Carl Hagelin is hit by Ryan Graves and loses puck.
3:01 of 3rd period - Shot by Brendan Gallagher.
3:01 of 3rd period - Stopped by Tristan Jarry without a rebound.
3:02 of 3rd period - Jayson Megna wins face-off versus Paul Stastny in Bruins zone.
3:02 of 3rd period - Jayson Megna is hit by Tomas Tatar.
3:05 of 3rd period - Minor Penalty to Tomas Tatar for High sticking.
3:06 of 3rd period - Adam Henrique wins face-off versus Joel Eriksson Ek in Flyers zone.
3:37 of 3rd period - Jake Debrusk is hit by Marcus Sorensen and loses puck.
5:08 of 3rd period - Icing by Noah Hanifin.
5:09 of 3rd period - Jamie Benn wins face-off versus Vladimir Sobotka in Flyers zone.
5:22 of 3rd period - Shot by Jamie Benn.
5:22 of 3rd period - Stopped by Tristan Jarry without a rebound.
5:23 of 3rd period - Vladimir Sobotka wins face-off versus Paul Stastny in Bruins zone.
7:06 of 3rd period - Shot by Jamie Benn.
7:06 of 3rd period - Stopped by Tristan Jarry with a rebound.
7:08 of 3rd period - Shot by Brendan Gallagher.
7:08 of 3rd period - Stopped by Tristan Jarry without a rebound.
7:09 of 3rd period - Radek Faksa wins face-off versus Joel Eriksson Ek in Bruins zone.
7:09 of 3rd period - Radek Faksa is hit by Joel Eriksson Ek.
7:22 of 3rd period - Minor Penalty to Rasmus Andersson for Interference.
7:23 of 3rd period - Adam Henrique wins face-off versus Joel Eriksson Ek in Flyers zone.
7:31 of 3rd period - Icing by Marcus Sorensen.
7:32 of 3rd period - Adam Henrique wins face-off versus Joel Eriksson Ek in Bruins zone.
7:36 of 3rd period - Icing by Alex Iafallo.
7:37 of 3rd period - Joel Eriksson Ek wins face-off versus Alex Iafallo in Bruins zone.
8:02 of 3rd period - Shot by Alex Iafallo.
8:02 of 3rd period - Goal by Alex Iafallo - Flyers : 3 - Bruins : 2.
8:03 of 3rd period - Jayson Megna wins face-off versus Jamie Benn in neutral zone.
8:36 of 3rd period - Shot by Brett Pesce.
8:36 of 3rd period - Shot Misses the Net.
8:38 of 3rd period - Shot by Antoine Roussel.
8:38 of 3rd period - Shot Misses the Net.
8:40 of 3rd period - Shot by Brett Pesce.
8:40 of 3rd period - Shot Blocked by Noah Hanifin.
8:42 of 3rd period - Shot by Brett Pesce.
8:42 of 3rd period - Stopped by Pavel Francouz without a rebound.
8:43 of 3rd period - Paul Stastny wins face-off versus Radek Faksa in Flyers zone.
8:51 of 3rd period - Nick Schmaltz is hit by Jonathon Merrill and loses puck.
8:54 of 3rd period - Shot by Paul Stastny.
8:54 of 3rd period - Stopped by Tristan Jarry without a rebound.
8:55 of 3rd period - Adam Henrique wins face-off versus Joel Eriksson Ek in Bruins zone.
9:02 of 3rd period - Icing by Markus Granlund.
9:03 of 3rd period - Radek Faksa wins face-off versus Joel Eriksson Ek in Flyers zone.
9:18 of 3rd period - Shot by Radek Faksa.
9:18 of 3rd period - Stopped by Pavel Francouz without a rebound.
9:19 of 3rd period - Tyler Bertuzzi wins face-off versus Brendan Gallagher in Flyers zone.
9:48 of 3rd period - Shot by Adam Henrique.
9:48 of 3rd period - Stopped by Pavel Francouz without a rebound.
9:49 of 3rd period - Paul Stastny wins face-off versus Radek Faksa in Flyers zone.
10:14 of 3rd period - Shot by Tomas Tatar.
10:14 of 3rd period - Shot Misses the Net.
10:16 of 3rd period - Shot by Noah Hanifin.
10:16 of 3rd period - Stopped by Tristan Jarry without a rebound.
10:17 of 3rd period - Vladimir Sobotka wins face-off versus Joel Eriksson Ek in Bruins zone.
10:31 of 3rd period - Icing by Victor Hedman.
10:32 of 3rd period - Adam Henrique wins face-off versus Jake Debrusk in Flyers zone.
10:43 of 3rd period - Jonathon Merrill is hit by Jake Debrusk and loses puck.
10:52 of 3rd period - Shot by Jake Debrusk.
10:52 of 3rd period - Shot Misses the Net.
12:12 of 3rd period - Shot by Paul Stastny.
12:12 of 3rd period - Deflect By Tomas Tatar.
12:12 of 3rd period - Shot Misses the Net.
12:46 of 3rd period - Off-side.
12:47 of 3rd period - Johan Larsson wins face-off versus Jayson Megna in neutral zone.
13:05 of 3rd period - Icing by Brett Pesce.
13:06 of 3rd period - Jayson Megna wins face-off versus Jamie Benn in Bruins zone.
13:13 of 3rd period - Shot by Tanner Fritz.
13:13 of 3rd period - Shot Misses the Net.
13:44 of 3rd period - Shot by Brendan Gallagher.
13:44 of 3rd period - Shot Blocked by Brett Pesce.
15:03 of 3rd period - Shot by Paul Stastny.
15:03 of 3rd period - Shot Misses the Net.
15:05 of 3rd period - Shot by Victor Hedman.
15:05 of 3rd period - Stopped by Tristan Jarry with a rebound.
15:07 of 3rd period - Shot by Victor Hedman.
15:07 of 3rd period - Stopped by Tristan Jarry without a rebound.
15:08 of 3rd period - Radek Faksa wins face-off versus Joel Eriksson Ek in Bruins zone.
15:15 of 3rd period - Shot by Alex Iafallo.
15:15 of 3rd period - Stopped by Pavel Francouz without a rebound.
15:16 of 3rd period - Joel Eriksson Ek wins face-off versus Michael Frolik in Flyers zone.
15:24 of 3rd period - Icing by Radek Faksa.
15:25 of 3rd period - Radek Faksa wins face-off versus Johan Larsson in Bruins zone.
15:54 of 3rd period - Shot by Radek Faksa.
15:54 of 3rd period - Stopped by Pavel Francouz without a rebound.
15:55 of 3rd period - Paul Stastny wins face-off versus Vladimir Sobotka in Flyers zone.
17:50 of 3rd period - Tyler Bertuzzi is hit by Joel Eriksson Ek and loses puck.
17:57 of 3rd period - Shot by Noah Hanifin.
17:57 of 3rd period - Stopped by Tristan Jarry without a rebound.
17:58 of 3rd period - Johan Larsson wins face-off versus Radek Faksa in Bruins zone.
18:03 of 3rd period - Shot by Robert Thomas.
18:03 of 3rd period - Stopped by Tristan Jarry without a rebound.
18:04 of 3rd period - Joel Eriksson Ek wins face-off versus Michael Frolik in Bruins zone.
18:13 of 3rd period - Shot by Alex Iafallo.
18:13 of 3rd period - Stopped by Pavel Francouz without a rebound.
18:14 of 3rd period - Johan Larsson wins face-off versus Vladimir Sobotka in Flyers zone.
18:50 of 3rd period - Shot by Johan Larsson.
18:50 of 3rd period - Shot Hit the Post.
18:57 of 3rd period - Marcus Sorensen is hit by Nino Niederreiter and loses puck.
19:33 of 3rd period - Bruins, Tristan Jarry is pulled from the net.
19:54 of 3rd period - Icing by Brendan Gallagher.
19:55 of 3rd period - Brendan Gallagher wins face-off versus Adam Henrique in Flyers zone.
Goals for this period are 0 for Flyers vs 1 for Bruins.
Shots for this period are 10 for Flyers vs 11 for Bruins.